 Dungeon Crawl Stone Soup version 0.27.1 (webtiles) character file.

Game seed: 12866883907072671636

262 MajorAdolf the Conjurer (level 6, -7/51 HPs)
             Began as a Naga Wanderer on Aug 26, 2021.
             Splashed by a jelly's acid (9 damage)
             ... on level 4 of the Dungeon.
             The game lasted 00:11:19 (4914 turns).

MajorAdolf the Conjurer (Naga Wanderer)             Turns: 4914, Time: 00:11:20

Health: -7/51      AC: -4    Str: 18    XL:     6   Next: 18%
Magic:  2/7        EV:  9    Int: 14    God:
Gold:   94         SH:  0    Dex: 13    Spells: 4/7 levels left

rFire    . . .     SeeInvis +   k - +0 dagger
rCold    . . .     Faith    .   (no shield)
rNeg     . . .     Spirit   .   q - +1 robe {Archmagi}
rPois    +         Reflect  .   (no helmet)
rElec    .         Harm     .   d - +0 cloak
rCorr    .         Rampage  .   n - +1 pair of gloves {Stlth+}
Will     .....     Archmagi +   (no barding)
Stlth    +++.......             (no amulet)
HPRegen  0.17/turn              m - +6 ring of strength
MPRegen  0.10/turn              (no ring)

@: about to teleport, corroded, attractive, very slow
A: AC +2, large, see invisible, deformed body, poison resistance, slowness 2,
spit poison 1, naga tail 1
a: Spit Poison


You were on level 4 of the Dungeon.
You visited 1 branch of the dungeon, and saw 4 of its levels.

You collected 94 gold pieces.

Inventory:

Hand Weapons
 a - a +0 club
 f - a +0 whip
 k - a +0 dagger (weapon)
Armour
 b - a +0 robe
 d - a +0 cloak (worn)
 n - a +1 pair of gloves of stealth (worn)
 q - a +1 robe of the Archmagi (worn)
Jewellery
 m - a +6 ring of strength (left hand)
Scrolls
 c - 2 scrolls of teleportation
 e - 2 scrolls of amnesia {unknown}
 g - a scroll of enchant weapon {unknown}
 l - 2 scrolls of identify {unknown}
Potions
 h - a potion of attraction
 i - 2 potions of might {unknown}
 j - a potion of haste {unknown}
 o - a potion of flight {unknown}
 p - a potion of cancellation {unknown}


   Skills:
 - Level 1.0 Fighting
 - Level 1.0 Throwing
 - Level 1.5 Armour
 - Level 1.5 Stealth
 + Level 2.1 Shields
 - Level 1.0 Spellcasting
 + Level 3.7 Conjurations
 - Level 3.0 Necromancy
 + Level 3.3 Earth Magic


You had 4 spell levels left.
You knew the following spells:

 Your Spells              Type           Power      Damage    Failure   Level
a - Stone Arrow           Conj/Erth      30%        3d8       19%         3

Your spell library contained the following spells:

 Spells                   Type           Power      Damage    Failure   Level
 Sandblast                Erth           30%        2d9       7%          1
 Animate Skeleton         Necr           26%        N/A       8%          1
 Pain                     Necr           52%        1d6       8%          1
 Vampiric Draining        Necr           6%         2d6       22%         3
 Animate Dead             Necr           6%         N/A       58%         4
 Agony                    Necr           13%        N/A       91%         5


Dungeon Overview and Level Annotations

Branches:
Dungeon (4/15)
 Temple: D:4-7

Altars:
Cheibriados
Makhleb

Annotations:
D:2 exclusions: 2 gnolls and ogre
D:3 2 transporters, chuckie79's ghost, amateur HOFi
D:4 exclusions: ogre and phantom, Natasha


Innate Abilities, Weirdness & Mutations

Your serpentine skin is tough. (AC +2)
You have supernaturally acute eyesight. (SInv)
Armour fits poorly on your strangely shaped body.
Your system is resistant to poisons. (rPois)
You cover ground very slowly.
You can spit poison.
You have a snake-like lower body.


Message History

A jelly is nearby!
A jelly is nearby!
You feel a surge of power!
You miscast Stone Arrow.
You are very lightly contaminated with residual magic.
Nothing appears to happen.
You feel a surge of power!
The stone arrow hits the jelly!
The jelly is heavily wounded.
Unknown command.
The jelly barely misses you.
Press: ? - help, Shift-Dir - straight line, f/p - jelly
Aim: a jelly (heavily wounded)
The splash of poison hits the jelly.
The jelly is heavily wounded.
The jelly hits you. The acid corrodes you!
You are splashed with acid!
You hit the jelly. The acid corrodes you!
Your hands burn!
The jelly is severely wounded.
The jelly hits you. The acid corrodes you!
You are splashed with acid.
Your magical contamination has completely faded away.
You hit the jelly but do no damage.
Your hands burn!
The jelly is severely wounded.
The jelly closely misses you. The jelly hits you.
You are splashed with acid!
* * * LOW HITPOINT WARNING * * *
It was a potion of attraction.
You feel attractive to monsters.
You have got your breath back.
The jelly hits you.
* * * LOW HITPOINT WARNING * * *
You are splashed with acid!
* * * LOW HITPOINT WARNING * * *
Okay, then.
You aren't carrying any items that you can evoke.
Okay, then.
As you read the scroll of teleportation, it crumbles to dust.
You feel strangely unstable. The jelly barely misses you.
Unknown command.
The jelly hits you.
* * * LOW HITPOINT WARNING * * *
You are splashed with acid!
You die...

..'.......'.......#........#
.#######..#.......#........#
.# #..#########........# .#
#..#........######### .#
#..#.....>..# .#
####........# .# #........#
.# #........######### )#
#.....@..........# .#
#.....J..........# .#
.#................# .#
.................[# .#
.#................# .#
#................# .# +#
#................# .# #.#
#.......)........# ###..###
###.........######


You could see a jelly.

Vanquished Creatures
  A scorpion (D:4)
  A howler monkey (D:4)
  A hound (D:3)
  Jessica (D:3)
  A mummy (D:3)
  2 adders
  3 worms (D:3)
  An orc (D:3)
  7 ball pythons
  6 bats
  8 endoplasms
  9 giant cockroaches
  6 goblins
  2 hobgoblins
  3 jackals (D:1)
  3 quokkas
  2 frilled lizards
  5 kobolds
  3 rats
65 creatures vanquished.

Vanquished Creatures (others)
  6 plants (D:3)
6 creatures vanquished.

Grand Total: 71 creatures vanquished

Notes
Turn   | Place    | Note
-------+----------+-------------------------------------------
     0 | D:1      | MajorAdolf the Naga Wanderer began the quest for the Orb.
     0 | D:1      | MajorAdolf set off with the following items: a +0 club, a
                  | +0 robe, a scroll of teleportation; and the following
                  | spells available to memorise: Animate Skeleton, Pain,
                  | Sandblast, Vampiric Draining, Stone Arrow, Animate Dead,
                  | Agony
     0 | D:1      | Reached XP level 1. HP: 18/18 MP: 2/2
   728 | D:1      | Reached skill level 1 in Earth Magic
   728 | D:1      | Reached XP level 2. HP: 25/25 MP: 3/3
  1439 | D:1      | Reached XP level 3. HP: 31/31 MP: 4/4
  1484 | D:1      | Learned a level 3 spell: Stone Arrow
  1832 | D:2      | Found a faded altar of an unknown god.
  2556 | D:2      | Found a burning altar of Makhleb.
  2586 | D:2      | Reached XP level 4. HP: 35/38 MP: 5/5
  2753 | D:2      | Noticed an ogre
  2839 | D:3      | Found a transporter.
  2947 | D:3      | Noticed chuckie79's ghost (amateur HOFi)
  3211 | D:3      | Noticed Jessica
  3226 | D:3      | Killed Jessica
  3227 | D:3      | Reached skill level 1 in Shields
  3618 | D:3      | Identified the +0 ring mail "Niof" {Harm rElec}
  3618 | D:3      | Noticed a gnoll sergeant
  3634 | D:3      | Found a transporter.
  3973 | D:4      | Found a snail-covered altar of Cheibriados.
  4001 | D:3      | Reached XP level 5. HP: 44/44 MP: 0/6
  4187 | D:4      | Noticed an ogre
  4333 | D:4      | Noticed a phantom
  4392 | D:4      | Noticed Natasha
  4455 | D:3      | Reached XP level 6. HP: 28/51 MP: 2/7
  4914 | D:4      | HP: 2/51 [jelly (1)]
  4914 | D:4      | Splashed by a jelly's acid

Illustrated notes

Levels and vault maps discovered:
D:1:      dpeg_arrival_refuge, layout_loops_cross, st_stairs_8
D:2:      layout_loops_ring, basic_altar, shapermc_ecumenical_altar_totnotflames
D:3:      layout_rooms, gammafunk_ghost_gnarly_gnolls, feat_on_display,
          uniq_jessica
D:4:      layout_gridville, lemuel_mausoleum_altar_yredelemnul, slow_altar_1,
          temple_fountains, serial_shops, shop, uniq_natasha

Skill      XL: |  1  2  3  4  5 |
---------------+----------------+-----
Earth Magic    | 1 2 3 |  3.3
Conjurations   | 2 3 |  3.7
Shields        | 1 2 |  2.1
Fighting       | |  1.0
Throwing       | |  1.0
Armour         | |  1.5
Stealth        | |  1.5
Spellcasting   | |  1.0
Necromancy     | |  3.0

Action                   |  1- 3 |  4- 6 || total
-------------------------+-------+-------++-------
Melee: Whip              |    46 |       ||    46
       Club              |     1 |       ||     1
       Dagger            |    30 |    67 ||    97
 Cast: Stone Arrow       |       |    10 ||    10
 Abil: Spit Poison       |    48 |    34 ||    82
  Use: Scroll            |       |     1 ||     1
       Potion            |       |     1 ||     1
 Stab: Sleeping          |       |     1 ||     1
Armor: Robe              |    35 |    35 ||    70
Dodge: Dodged            |    37 |    37 ||    74
Block: Buckler           |     5 |       ||     5
